 Dungeon Crawl Stone Soup version 0.30-a0-986-g7f2e898f52 (webtiles) character file.

Game seed: 12614627962466833633

48 bande the Covered (level 3, -1/24 HPs)
             Began as a Gargoyle Fighter on Apr 1, 2023.
             Slain by an orc
             ... wielding a +0 club
              (4 damage)
             ... on level 3 of the Dungeon.
             The game lasted 00:02:35 (1333 turns).

bande the Covered (Gargoyle Fighter)                Turns: 1333, Time: 00:02:35

Health: -1/24      AC: 10    Str: 19    XL:     3   Next: 72%
Magic:  3/3        EV:  9    Int:  8    God:
Gold:   104        SH:  0    Dex: 11    Spells: 2/2 levels left

rFire   + . .      SeeInvis .    a - +0 war axe
rCold   + . .      Faith    .    c - +0 buckler
rNeg    + . .      Spirit   .    b - +0 scale mail
rPois   ∞          Reflect  .    (no helmet)
rElec   +          Rampage  .    (no cloak)
rCorr   +                        (no gloves)
Will    .....                    (no boots) Stlth
                                 (no amulet)
HPRegen 0.24/turn                (no ring)
MPRegen 0.08/turn                (no ring)

@: confused, resistant
A: sickness immunity, AC +3, negative energy resistance 1, electricity
resistance, torment resistance 1, petrification resistance
a: no special abilities


You were on level 3 of the Dungeon.
You visited 1 branch of the dungeon, and saw 3 of its levels.

You collected 104 gold pieces.

Inventory:

Hand Weapons
 a - a +0 war axe (weapon)
 n - a +0 war axe
Armour
 b - a +0 scale mail (worn)
 c - a +0 buckler (worn)
Scrolls
 f - a scroll of teleportation
 i - a scroll of identify
 j - a scroll of magic mapping {unknown}
 k - a scroll of brand weapon {unknown}
 m - a scroll of amnesia {unknown}
Potions
 d - a potion of might
 l - a potion of heal wounds {unknown}


   Skills:
 + Level 3.8 Fighting
 + Level 2.4 Axes
 + Level 3.8 Armour
 + Level 3.5 Shields


You had 2 spell levels left.
You didn't know any spells.
Your spell library contained the following spells:

 Spells                   Type           Power      Damage    Failure   Level
 Freeze                   Ice            0%         1d3       86%         1
 Gell's Gravitas          Tloc           0%         N/A       99%         3
 Ice Form                 Ice/Tmut       0%         N/A       100%        4


Dungeon Overview and Level Annotations

Branches:
Dungeon (3/15)

Altars:


Innate Abilities, Weirdness & Mutations

You are immune to sickness and miasma.
Your stone body is resilient. (AC +3)
You are immune to poison.
You resist negative energy. (rN+)
You are resistant to electric shocks. (rElec)
You are resistant to unholy torment.
You are immune to petrification.


Message History

You barely miss the orc. You miss the orc.
You hit the orc wizard but do no damage. x2
The orc wizard hits you but does no damage.
The orc wizard points at you and mumbles some strange words.
You resist with significant effort. The orc hits you but does no damage.
The orc closely misses you.
You closely miss the orc. x2; You barely miss the orc wizard.
You completely miss something. You miss the orc wizard.
You feel less confused. Something hits you but does no damage.
You block the orc wizard's attack.
The orc wizard hits you but does no damage.
The orc misses you.
You hear some strange, mumbled words.
A puff of flame appears from out of thin air!
The puff of flame hits you!
A gnoll comes into view. It is wielding a +0 flail.
The orc wizard hits you with a +0 dagger.
* * * LOW HITPOINT WARNING * * *
The orc throws a boomerang.
The boomerang hits you.
* * * LOW HITPOINT WARNING * * *
The orc hits you but does no damage.
The orc wizard hits you but does no damage.
The orc hits you with a +0 dagger.
* * * LOW HITPOINT WARNING * * *
The orc attacks as you move away! You block the orc's attack.
The orc wizard hits you but does no damage.
The gnoll hits you but does no damage. Something hits you but does no damage.
You block the orc's attack.
Unknown command.
You slash the orc!
You kill the orc!
You hit something. You barely miss the orc. You miss the orc wizard.
You slash the orc wizard! The gnoll barely misses you.
The orc wizard gestures at you while chanting.
You are confused.
The orc hits you but does no damage.
It was a potion of resistance.
You feel protected. The orc hits you with a +0 club.
You die...

###########
~~#......#
........#
#......#
###......#
###....o...#
#.....ooo..#
......o@...#
##...g.)...#
#.........#
#.g###.....#
#.# #.....#
.. .......
##.....##
......#


You could see 2 orc wizards, 2 gnolls and 3 orcs.

Vanquished Creatures
  A worm (D:2)
  3 dart slugs
  An orc (D:3)
  5 ball pythons
  2 endoplasms (D:1)
  A giant cockroach (D:1)
  4 goblins
  4 hobgoblins
  4 kobolds
  A quokka (D:2)
  6 bats (D:1)
  3 frilled lizards
  2 rats (D:1)
37 creatures vanquished.

Notes
Turn   | Place    | Note
-------+----------+-------------------------------------------
     0 | D:1      | bande the Gargoyle Fighter began the quest for the Orb.
     0 | D:1      | Reached XP level 1. HP: 14/14 MP: 1/1
    96 | D:1      | Reached XP level 2. HP: 19/19 MP: 2/2
   137 | D:1      | Found a faded altar of an unknown god.
   268 | D:1      | Got the Vellum of Glacial Geometries
   300 | D:1      | Reached XP level 3. HP: 22/24 MP: 3/3
  1333 | D:3      | Slain by an orc

Illustrated notes

Levels and vault maps discovered:
D:1:      scummos_arrival_simple_crosswalls, layout_rooms,
          ebering_ecumenical_altar_abandoned, serial_park_tiny_2,
          chequers_serial_rivers_large_a, due_unseen_surprise
D:2:      wander_river, layout_loops_cross
D:3:      layout_basic, nicolae_hepliaklqana_hazy_memory, gup_sewer_entry_bowl,
          amcnicky_mini_rare_corridor_liquid

Skill      XL: |  1  2 |
---------------+-------+-----
Axes           | 2 |  2.4
Fighting       | |  3.8
Armour         | |  3.8
Shields        | |  3.5

Action                     || total
---------------------------++-------
  Melee: War axe           ||   104
    Use: Scroll            ||     3
         Potion            ||     1
 Armour: Scale mail        ||    80
  Dodge: Dodged            ||    78
  Block: Buckler           ||    19

Table legend: (Time is in decaauts)
 A = Elapsed time spent in this place.
 B = Non-inter-level travel time spent in this place.
 C = Inter-level travel time spent in this place.
 D = Time resting spent in this place.
 E = Time spent auto-exploring this place.
 F = Levels seen in this place.
 G = Mean time per level.
                   A        B        C        D        E       F      G
               +--------+--------+--------+--------+--------+-----+--------+
         Total |   1421 |   1233 |    188 |      0 |    925 |   3 |  473.7 |
       Dungeon |   1421 |   1233 |    188 |      0 |    925 |   3 |  473.7 |
               +--------+--------+--------+--------+--------+-----+--------+

Top non-repeatable levels by time:
     D:2: 885 daAuts
     D:1: 521 daAuts
     D:3: 14 daAuts
